AoeStats
← zYaubolz

Fortress

509226808Analyzed
4v4 RM · 7d ago on Sep 26, 2026· 43m 42s· 8 players
Game mode
Random Map
Map size
Huge
Population
200
Speed
Normal
Resources
Standard
Victory
Conquest
Starting age
Dark Age
Ending age
Imperial Age
RankedLock teamsTeams togetherTeam positionsShared explorationLock speedFull tech treeHidden civsTurbo modeCheats
Victory
Defeat
🇺🇸 Italians · United States
893
+12
🇲🇽 Franks · Mexico
873
+13
🇧🇷 Maya · Brazil
794
+16
🇺🇸 Teutons · United States
788
+17
🇺🇸 Japanese · United States
830
-16
🇷🇴 Japanese · Romania
815
-15
🇺🇸 Cumans · United States
806
-15
🇬🇧 Persians · United Kingdom
732
-12
BOOSON 8
10:51 Feudal Age
10:51 Loom
13:59 Gold Mining
13:59 Stone Mining
13:53 Horse Collar
14:57 Double-Bit Axe
25:26 Castle Age
24:04 Wheelbarrow
25:58 Caravan
26:30 Coinage
27:18 Bow Saw
27:12 Heavy Plow
30:17 Imperial Age
29:06 Stone Shaft Mining
31:23 Gold Shaft Mining
34:24 Kamandaran
35:14 Hand Cart
34:33 Elite War Elephant
36:29 Pikeman
36:55 Gambesons
37:11 Squires
36:56 Arson
37:24 Forging
37:20 Scale Barding Armor
38:32 Padded Archer Armor
38:23 Fletching
38:34 Scale Mail Armor
39:10 Iron Casting
38:40 Scale Barding Armor
40:38 Chemistry
42:42 Banking
42:22 Guilds
boo radley
5:01 Loom
7:37 Feudal Age
11:35 Castle Age
9:49 Horse Collar
10:24 Double-Bit Axe
14:36 Bow Saw
14:48 Heavy Plow
17:59 Gold Mining
18:05 Stone Mining
19:59 Wheelbarrow
23:47 Hand Cart
26:47 Imperial Age
26:32 Gold Shaft Mining
26:05 Scale Mail Armor
25:56 Fletching
27:08 Chain Mail Armor
28:10 Conscription
29:24 Plate Mail Armor
29:55 Two-Man Saw
29:07 Forging
28:52 Bodkin Arrow
29:16 Squires
29:02 Arson
29:25 Town Watch
31:51 Iron Casting
30:38 Capped Ram
31:48 Elite Samurai
33:59 Kataparuto
34:46 Bracer
34:57 Siege Engineers
35:56 Blast Furnace
Tataia
7:35 Feudal Age
10:28 Double-Bit Axe
10:26 Horse Collar
13:06 Castle Age
12:30 Wheelbarrow
autokalishnikovmodern2022
4:36 Loom
7:25 Feudal Age
18:49 Castle Age
18:32 Wheelbarrow
20:25 Hand Cart
25:24 Imperial Age
24:17 Caravan
25:35 Town Watch
25:34 Horse Collar
25:53 Gold Mining
25:51 Double-Bit Axe
zYaubolz
8:24 Feudal Age
13:19 Castle Age
11:38 Double-Bit Axe
11:50 Horse Collar
13:29 Wheelbarrow
15:46 Fervor
15:58 Loom
20:10 Heavy Plow
23:39 Hand Cart
26:53 Imperial Age
25:59 Fletching
27:03 Ballistics
26:42 Bodkin Arrow
28:39 Chemistry
27:53 Forging
28:29 Bracer
29:05 Caravan
30:07 Silk Road
32:27 Bow Saw
33:40 Forging
33:31 Scale Mail Armor
34:28 Chain Mail Armor
34:56 Iron Casting
34:11 Arson
34:26 Squires
37:58 Blast Furnace
37:28 Plate Mail Armor
37:59 Conscription
xxyvonnederful
8:01 Feudal Age
12:12 Castle Age
11:04 Double-Bit Axe
11:05 Horse Collar
14:31 Wheelbarrow
19:29 Bow Saw
20:27 Hand Cart
20:08 Gold Mining
20:55 Heavy Plow
20:49 Stone Mining
23:16 Stone Shaft Mining
22:59 Scale Barding Armor
23:06 Forging
27:34 Imperial Age
24:50 Loom
24:51 Town Watch
27:39 Chain Barding Armor
27:55 Iron Casting
28:19 Bloodlines
27:45 Cavalier
30:03 Plate Barding Armor
30:36 Blast Furnace
29:46 Caravan
30:18 Coinage
31:19 Conscription
31:36 Hoardings
30:37 Paladin
33:43 Fletching
35:15 Chemistry
34:27 Fortified Wall
34:28 Masonry
34:24 Siege Engineers
38:50 Redemption
39:09 Sanctity
39:21 Illumination
39:14 Block Printing
43:32 Theocracy
43:09 Fervor
JANROD2944
0:36 Loom
8:06 Feudal Age
10:05 Wheelbarrow
9:17 Double-Bit Axe
13:58 Castle Age
16:39 Light Cavalry
17:19 Husbandry
19:05 Hand Cart
18:39 Ordonnance Companies
19:45 Bow Saw
20:07 Caravan
21:47 Treadmill Crane
22:58 Stone Mining
24:57 Town Watch
25:10 Gold Mining
26:16 Town Patrol
31:03 Imperial Age
31:13 Cavalier
31:56 Chivalry
32:19 Murder Holes
33:25 Chemistry
37:45 Ballistics
39:37 Elite Throwing Axeman
jenksulivan
1:58 Loom
9:50 Feudal Age
11:52 Double-Bit Axe
14:44 Castle Age
23:31 Horse Collar
23:43 Gold Mining
29:30 Imperial Age
26:32 Eagle Warrior
26:58 Arson
27:13 Squires
26:44 Pikeman
27:36 Padded Archer Armor
27:26 Fletching
28:29 Wheelbarrow
30:01 Hand Cart
30:48 Holcans
29:41 Elite Eagle Warrior
31:05 Bow Saw
30:47 Stone Mining
30:31 Elite Plumed Archer
31:38 Leather Archer Armor
32:34 Chemistry
32:07 Man-at-Arms
32:08 Halberdier
34:21 Coinage
33:52 Caravan
34:03 Guilds
34:00 Heavy Plow
34:38 Stone Shaft Mining
33:32 Long Swordsman
35:12 Two-Handed Swordsman
35:56 Scale Mail Armor
36:27 Ring Archer Armor
35:53 Bodkin Arrow
36:08 Forging
37:19 Capped Ram
39:09 Chain Mail Armor
38:55 Bracer
38:31 Siege Ram
43:12 Plate Mail Armor
43:17 Iron Casting
Connection lost

Rejoining the realm…

Still unreachable

The connection could not be restored.

Session expired

The server has moved on; the page needs a fresh start.